Get step-by-step instructions on how to execute this build order below. Start the game timer, and the build order will tick by so you can play in parallel with StarCraft on a second screen or mobile device.

Game Time

  0:00

Last Step

  N/A

Next Step

  12  0:00  Drone  

Upcoming Step

  13  0:12  Overlord  

Don't want to look back and forth between 2 screens? Try out our Overwolf App, the Spawning Tool Build Advisor to get an in-game overlay with this build!

Complete Build Order

  12  0:00  Drone  
  13  0:12  Overlord  
  13  0:17  Drone  
  14  0:30  Drone x2  
  16  0:49  Hatchery  
  15  0:52  Drone  
  15  0:55  Drone  
  17  1:03  Extractor  
  16  1:11  Spawning Pool  
  15  1:15  Drone  
  15  1:18  Drone  
  17  1:22  Drone  
  18  1:30  Drone  
  19  1:58  Zergling x4  
  19  2:00  Queen x2  
  26  2:01  Zergling x4  
  27  2:08  Metabolic Boost  
  27  2:15  Zergling x2  
  26  2:25  Zergling x2  
  26  2:27  Zergling x2  
  23  2:33  Zergling x2  
  24  2:43  Overlord  
  24  2:50  Zergling x4  
  26  2:55  Zergling x2  
  27  3:03  Zergling x4  
  29  3:08  Zergling x2  
  29  3:09  Zergling x2  
  31  3:13  Zergling x2  
  31  3:17  Zergling x2  
  33  3:20  Zergling x2  
  33  3:24  Zergling x2  
  35  3:32  Overlord  
  35  3:44  Zergling x2  
  35  3:49  Zergling x2  
  35  3:50  Zergling x6  
  36  3:58  Zergling x4  
  36  4:01  Zergling x2  
  36  4:14  Zergling x6  
  35  4:26  Zergling x2  
  35  4:28  Zergling x6  
  38  4:36  Zergling x4  
  36  4:45  Zergling x6  
  38  4:54  Zergling x2  
  38  4:55  Zergling x2  
  38  5:00  Zergling x2  
  38  5:04  Zergling x2  
  35  5:13  Zergling x6